AoeStats
← AOKI_GworK

MegaRandom

508293932Analyzed
2v2 RM · 10d ago on Sep 21, 2026· 68m 37s· 4 players
Game mode
Random Map
Map size
Medium (4 player)
Population
200
Speed
Normal
Resources
Standard
Victory
Conquest
Starting age
Dark Age
Ending age
Imperial Age
RankedLock teamsTeams togetherTeam positionsShared explorationLock speedFull tech treeHidden civsTurbo modeCheats
Victory
Defeat
🇫🇷 Bulgarians · France
1707
+15
🇫🇷 Dravidians · France
1649
+17
🇨🇱 Japanese · Chile
1716
-17
🇲🇽 Huns · Mexico
1642
-15
AOKI_Yo
11:42 Feudal Age
9:59 Loom
11:45 Feudal Age
16:06 Castle Age
18:28 Fletching
18:42 Crossbowman
20:29 Bodkin Arrow
22:25 Wheelbarrow
22:33 Padded Archer Armor
22:40 Double-Bit Axe
24:39 Bow Saw
25:18 Ballistics
26:53 Gold Mining
30:55 Horse Collar
32:10 Thumb Ring
35:36 Town Watch
36:02 Stone Mining
38:50 Imperial Age
37:10 Leather Archer Armor
38:14 Masonry
38:22 Hand Cart
38:24 Heavy Plow
40:45 Chemistry
40:02 Bracer
42:41 Arbalester
45:03 Ring Archer Armor
44:39 Elite Skirmisher
47:46 Conscription
48:02 Hoardings
48:15 Pikeman
49:00 Scale Mail Armor
49:10 Forging
50:30 Squires
52:37 Caravan
52:56 Chain Mail Armor
52:09 Halberdier
54:47 Plate Mail Armor
55:04 Iron Casting
55:52 Guard Tower
55:48 Arrowslits
58:27 Murder Holes
59:52 Blast Furnace
61:45 Elite Elephant Archer
63:45 Coinage
63:26 Guilds
67:54 Medium Warships
AOKI_GworK
8:55 Loom
8:59 Loom
11:52 Feudal Age
15:48 Castle Age
14:08 Double-Bit Axe
14:53 Horse Collar
19:15 Bow Saw
20:39 Scale Barding Armor
23:12 Chain Barding Armor
23:02 Town Watch
24:13 Wheelbarrow
24:23 Forging
24:44 Bloodlines
26:10 Husbandry
28:30 Gold Mining
28:46 Heavy Plow
29:24 Fletching
30:58 Iron Casting
33:21 Light Cavalry
34:57 Gold Mining
36:15 Hand Cart
37:20 Gold Shaft Mining
40:27 Imperial Age
38:03 Stone Mining
40:33 Cavalier
41:51 Plate Barding Armor
42:17 Blast Furnace
45:19 Pikeman
46:00 Squires
47:26 Stirrups
47:51 Conscription
47:26 Hussar
54:12 Elite Skirmisher
54:54 Padded Archer Armor
56:05 Bodkin Arrow
57:24 Bracer
61:48 Ballistics
63:19 Capped Ram
65:00 Siege Ram
VL Carlos Manzo
6:30 Loom
8:51 Feudal Age
9:48 Double-Bit Axe
17:09 Wheelbarrow
18:31 Gold Mining
18:25 Horse Collar
21:07 Castle Age
19:24 Scale Barding Armor
19:41 Bloodlines
21:17 Forging
21:51 Husbandry
22:24 Chain Barding Armor
23:57 Bow Saw
35:13 Iron Casting
38:57 Imperial Age
36:33 Town Watch
39:14 Gold Shaft Mining
39:19 Hand Cart
40:41 Plate Barding Armor
40:37 Cavalier
43:52 Blast Furnace
44:34 Fletching
45:17 Light Cavalry
46:35 Pikeman
47:48 Squires
47:49 Scale Mail Armor
47:35 Hussar
51:20 Caravan
60:20 Heavy Plow
60:52 Squires
61:05 Capped Ram
62:56 Halberdier
67:56 Scale Mail Armor
VL LocoBayas
7:39 Loom
10:32 Feudal Age
11:11 Double-Bit Axe
14:00 Fletching
20:21 Castle Age
18:56 Padded Archer Armor
21:00 Bodkin Arrow
20:26 Crossbowman
22:19 Bow Saw
22:00 Gold Mining
23:00 Ballistics
23:17 Horse Collar
26:28 Husbandry
26:39 Bloodlines
27:27 Thumb Ring
29:49 Wheelbarrow
30:32 Heavy Plow
32:24 Leather Archer Armor
32:32 Hand Cart
38:00 Imperial Age
39:08 Parthian Tactics
38:03 Heavy Cavalry Archer
38:55 Bracer
40:12 Chemistry
39:59 Conscription
41:17 Gold Shaft Mining
42:37 Yasama
43:54 Ring Archer Armor
46:29 Guard Tower
46:25 Arrowslits
48:18 Keep
47:33 Pikeman
48:13 Squires
47:59 Arson
48:15 Scale Mail Armor
48:25 Forging
48:55 Halberdier
50:21 Caravan
50:57 Chain Mail Armor
53:04 Arrowslits
53:25 Siege Engineers
54:29 Plate Mail Armor
54:34 Iron Casting
55:01 Kataparuto
54:27 Treadmill Crane
55:02 Elite Skirmisher
63:14 Medium Warships
66:54 Coinage
Connection lost

Rejoining the realm…

Still unreachable

The connection could not be restored.

Session expired

The server has moved on; the page needs a fresh start.